 Dungeon Crawl Stone Soup version 0.19.4-9-g45fd643 (webtiles) character file.

5636 nikopol the Cleaver (level 10, -6/130 (132) HPs)
             Began as a Minotaur Berserker on Feb 20, 2017.
             Was a High Priest of Trog.
             Mangled by a blink frog (10 damage)
             ... on level 1 of the Lair of Beasts.
             The game lasted 00:21:50 (10714 turns).

nikopol the Cleaver (Minotaur Berserker)           Turns: 10714, Time: 00:21:50

HP:   -6/130 (132)  AC:  9    Str: 30    XL:     10   Next: 46%
MP:   9/9           EV: 15    Int:  4    God:    Trog [*****.]
Gold: 435           SH:  0    Dex: 18    Spells: 0 memorised, 9 levels left

rFire  . . .     SeeInvis .     a - +0 war axe
rCold  . . .     Gourm    .     o - +0 scale mail
rNeg   . . .     Faith    .     (no shield)
rPois  .         Spirit   .     (helmet unavailable)
rElec  .         Reflect  .     (no cloak)
rCorr  .         Harm     .     k - +0 pair of gloves
MR     .....                    (no boots)
Stlth  ..........               Q - amulet of regeneration (curse)
                                (no ring)
                                I - ring of Huestrati {Str+4 Dex+4}

@: berserking (expiring), very quick
A: retaliatory headbutt, horns 3
a: Berserk, Trog's Hand, Brothers in Arms, Burn Spellbooks, Renounce Religion


You were on level 1 of the Lair of Beasts.
You worshipped Trog.
Trog was extremely pleased with you.
You were very hungry.

You visited 2 branches of the dungeon, and saw 10 of its levels.

You collected 435 gold pieces.

Inventory:

Hand Weapons
 a - a +0 war axe (weapon)
 y - a +0 hand axe
 z - a +0 shortbow
Missiles
 i - 139 arrows (quivered)
Armour
 b - a +0 animal skin
 j - a +0 leather armour
 k - a +0 pair of gloves (worn)
 l - a +0 ring mail
 o - a +0 scale mail (worn)
Jewellery
 I - the ring of Huestrati (left hand) {Str+4 Dex+4}
   (You found it on level 7 of the Dungeon)

   [ring of strength]

   It affects your strength (+4).
   It affects your dexterity (+4).
 Q - a cursed amulet of regeneration (around neck)
Wands
 w - a wand of paralysis (15/24)
 D - a wand of acid (5/15)
 K - a wand of acid (7/15)
 M - a wand of slowing (22/48)
Scrolls
 e - a scroll of fog {unknown}
 h - 9 scrolls of teleportation {unknown}
 n - 5 scrolls of amnesia {unknown}
 p - 3 scrolls of enchant armour {unknown}
 q - 3 scrolls of identify
 v - 2 scrolls of recharging {unknown}
 B - 2 scrolls of random uselessness {unknown}
 C - 6 scrolls of remove curse {unknown}
 E - 2 scrolls of noise {unknown}
 G - 2 scrolls of magic mapping {unknown}
 L - 3 scrolls of immolation {unknown}
 O - a scroll of silence {unknown}
Potions
 d - a potion of degeneration
 g - a potion of resistance
 m - a potion of berserk rage
 s - a potion of invisibility
 t - 3 potions of agility
 u - a potion of mutation
 A - a potion of curing
 F - 5 potions of flight
 J - a potion of lignification
 R - a potion of cancellation
 T - a potion of brilliance
Comestibles
 c - 5 bread rations
 f - a royal jelly
 r - 2 slices of pizza
 x - 6 chunks of flesh
 H - 8 meat rations
 P - a beef jerky


   Skills:
 + Level 8.2 Fighting
 * Level 10.5 Axes
 * Level 8.0 Bows
 + Level 8.6 Armour
 + Level 7.1 Dodging


You had 9 spell levels left.
You didn't know any spells.

Dungeon Overview and Level Annotations

Branches:
Dungeon (9/15)             Temple (0/1) D:4            Lair (1/6) D:9
    Orc (0/2) D:9

Altars:
Hepliaklqana
Nemelex Xobeh
Okawaru
Qazlal
Sif Muna
Xom
Yredelemnul
Zin


Innate Abilities, Weirdness & Mutations

You reflexively headbutt those who attack you in melee.
You have a pair of large horns on your head.


Message History

You slash the blink frog!
You kill the blink frog!
Trog accepts your kill.
Your Bows skill increases to level 8!
The blink frog blinks!
The blink frog blinks!
You feel a strong urge to attack something.
You barely miss the blink frog. Your headbutt misses the blink frog.
The blink frog is heavily wounded.
You slash the blink frog!
The blink frog is severely wounded.
The blink frog hits you!
* * * LOW HITPOINT WARNING * * *
You hit the blink frog.
The blink frog is almost dead.
The blink frog barely misses you.
You closely miss the blink frog. Your headbutt misses the blink frog.
The blink frog is almost dead.
The blink frog hits you!
You die...

#.....(.(##..'.....>
#.....(..####P......
#........# #####..#
#.P###F+## ###.
######(.# ###. #.(†.#
##... #.[### #.+##
########.##.### ####....
#..>...@.....P###.##....
#......F.....##....'....
#............#....##....
#............#.#.##.....
#..............#####....
#.............## #....
########.###### ###..
### ### ##


You could see 2 blink frogs.

Vanquished Creatures
  A troll (D:9)
  3 blink frogs (Lair:1)
  The ghost of cotteux the Chopper, an amateur GrBe of Trog (D:3)
  3 basilisks (Lair:1)
  Grum (D:8)
  Edmund (D:6)
  A water moccasin (Lair:1)
  2 porcupines (Lair:1)
  2 orc warriors
  2 ice beasts
  An eye of draining (D:9)
  3 necrophages
  3 phantoms
  6 ogres
  2 wolves (D:8)
  2 crocodiles (Lair:1)
  4 centaurs
  5 bullfrogs
  A wyvern zombie (D:9)
  A wyvern skeleton (D:6)
  A howler monkey (D:5)
  3 crimson imps
  4 hounds
  A bullfrog zombie (D:5)
  2 jellies
  A bullfrog skeleton (D:6)
  10 orc priests
  7 orc wizards
  A centaur skeleton (D:9)
  4 worker ants
  7 gnolls
  4 adders
  A shadow imp (D:6)
  2 adder skeletons
  4 worms
  2 dart slugs
  3 leopard geckos
  27 orcs
  7 bats
  3 giant cockroaches
  9 goblins
  5 hobgoblins
  7 jackals
  3 quokkas
  2 ball pythons
  6 frilled lizards
  A jackal zombie (D:8)
  5 kobolds
  A quokka zombie (D:5)
  4 rats
182 creatures vanquished.

Vanquished Creatures (others)
  A fungus (Lair:1)
1 creature vanquished.

Grand Total: 183 creatures vanquished

Notes
Turn   | Place    | Note
-------+----------+-------------------------------------------
     0 | D:1      | nikopol the Minotaur Berserker began the quest for the Orb.
     0 | D:1      | Reached XP level 1. HP: 19/19 MP: 0/0
   170 | D:1      | Reached XP level 2. HP: 23/27 MP: 1/1
   429 | D:1      | Reached skill level 4 in Axes
   534 | D:2      | Reached XP level 3. HP: 31/33 MP: 2/2
   917 | D:2      | Found a glowing silver altar of Zin.
  1563 | D:2      | Reached ** piety under Trog
  1563 | D:2      | Reached XP level 4. HP: 18/41 MP: 3/3
  1569 | D:2      | HP: 1/61 [gnoll/spear (6)]
  2229 | D:3      | Noticed cotteux's ghost (amateur GrBe)
  2241 | D:3      | Killed cotteux's ghost
  2241 | D:3      | Reached skill level 5 in Fighting
  2241 | D:3      | Reached skill level 5 in Axes
  2241 | D:3      | Reached XP level 5. HP: 45/48 MP: 4/4
  2241 | D:3      | Reached XP level 6. HP: 53/56 MP: 5/5
  3430 | D:4      | Found a sparkling altar of Nemelex Xobeh.
  3477 | D:4      | Reached *** piety under Trog
  3528 | D:4      | Reached skill level 5 in Armour
  3766 | D:4      | Found a staircase to the Ecumenical Temple.
  4226 | D:5      | Entered Level 5 of the Dungeon
  4268 | D:5      | Reached skill level 6 in Axes
  4268 | D:5      | Reached XP level 7. HP: 54/62 MP: 6/6
  4499 | D:5      | Reached skill level 1 in Bows
  5279 | D:5      | Reached XP level 8. HP: 70/70 MP: 7/7
  5335 | D:6      | Reached skill level 7 in Axes
  5341 | D:6      | HP: 1/70 [orc warrior/short sword (10)]
  5354 | D:5      | HP: 3/70 [howler monkey (1)]
  5355 | D:5      | Reached skill level 5 in Dodging
  5940 | D:6      | Noticed Edmund
  5955 | D:6      | Killed Edmund
  6234 | D:6      | Found a deep blue altar of Sif Muna.
  6393 | D:6      | Reached skill level 8 in Axes
  6407 | D:6      | Reached **** piety under Trog
  6777 | D:6      | Found a basalt altar of Yredelemnul.
  6862 | D:7      | Found a shimmering altar of Xom.
  6872 | D:7      | Found an iron altar of Okawaru.
  6919 | D:7      | Got a twitching lead ring
  6936 | D:7      | Reached XP level 9. HP: 74/78 MP: 8/8
  6971 | D:7      | Reached skill level 5 in Bows
  7155 | D:7      | Found a hazy altar of Hepliaklqana.
  7239 | D:7      | Reached skill level 9 in Axes
  7713 | D:8      | Noticed Grum
  7726 | D:8      | Killed Grum
  9095 | D:9      | Found a stormy altar of Qazlal.
  9222 | D:9      | Noticed a troll
  9236 | D:9      | Killed a troll
  9236 | D:9      | Reached XP level 10. HP: 41/87 MP: 9/9
  9436 | D:9      | Found a shimmering altar of Xom.
  9582 | D:9      | Found a staircase to the Orcish Mines.
  9597 | D:9      | Found a staircase to the Lair.
  9914 | D:9      | Identified the ring of Huestrati {Str+4 Dex+4} (You found it on level 7 of the Dungeon)
  9932 | D:9      | Gained mutation: You have a pair of large horns on your head. [potion of beneficial mutation]
  9996 | Lair:1   | Entered Level 1 of the Lair of Beasts
 10001 | Lair:1   | Reached skill level 10 in Axes
 10399 | Lair:1   | Reached ***** piety under Trog
 10712 | Lair:1   | HP: 3/130 [blink frog (9)]
 10714 | Lair:1   | Mangled by a blink frog

Skill      XL: |  1  2  3  4  5  6  7  8  9 10 |
---------------+-------------------------------+-----
Axes           | 4 5 6 8 9 10 | 10.5
Armour         | 3 4 5 6 8 |  8.6
Fighting       | 4 5 6 7 8 |  8.2
Dodging        | 3 4 5 6 7 |  7.1
Bows           | 2 4 7 8 |  8.0

Action                   |  1- 3 |  4- 6 |  7- 9 | 10-12 || total
-------------------------+-------+-------+-------+-------++-------
Melee: Hand axe          |    84 |    52 |       |       ||   136
       Headbutt          |    16 |    18 |    41 |     8 ||    83
       War axe           |       |    54 |   172 |    45 ||   271
 Fire: Shortbow          |       |       |   217 |    69 ||   286
Invok: Berserk           |       |     3 |     3 |     1 ||     7
       Burn Spellbooks   |       |       |     2 |       ||     2
       Trog's Hand       |       |       |     1 |       ||     1
  Use: Scroll            |       |       |       |    12 ||    12
       Potion            |       |       |       |     1 ||     1
  Eat: Chunk             |     2 |    11 |    19 |     4 ||    36
Armor: Animal skin       |    10 |       |       |       ||    10
       Leather armour    |     5 |       |       |       ||     5
       Scale mail        |    15 |    32 |    69 |    20 ||   136
       Ring mail         |     4 |       |       |       ||     4
Dodge: Dodged            |    57 |    46 |   123 |    37 ||   263
